 Dungeon Crawl Stone Soup version 0.29-a0-231-g945431f764 (webtiles) character file.

Game seed: 649208475602709614

210 HotDog the Covered (level 5, -5/33 HPs)
             Began as a Gargoyle Fighter on Mar 1, 2022.
             Slain by an ogre
             ... wielding a +0 giant spiked club
              (17 damage)
             ... on level 4 of the Dungeon.
             The game lasted 00:06:17 (3283 turns).

HotDog the Covered (Gargoyle Fighter)               Turns: 3283, Time: 00:06:18

Health: -5/33      AC: 13    Str: 21    XL:     5   Next: 88%
Magic:  6/6        EV:  9    Int:  9    God:
Gold:   160        SH:  4    Dex:  9    Spells: 4/4 levels left

rFire   . . .      SeeInvis .   a - +1 flail (protect)
rCold   . . .      Faith    .   c - +0 buckler
rNeg    + . .      Spirit   .   b - +0 scale mail
rPois   ∞          Reflect  .   j - +0 helmet
rElec   +          Harm     .   (no cloak)
rCorr   .          Rampage  .   o - +0 pair of gloves
Will    .....                   (no boots)
Stlth   ..........              (no amulet)
HPRegen 0.11/turn               (no ring)
MPRegen 0.10/turn               (no ring)

@: no status effects
A: sickness immunity, AC +4, negative energy resistance 1, electricity
resistance, torment resistance 1, petrification resistance
a: no special abilities


You were on level 4 of the Dungeon.
You visited 1 branch of the dungeon, and saw 4 of its levels.

You collected 160 gold pieces.

Inventory:

Hand Weapons
 a - a +1 flail of protection (weapon)
 m - a +2 flail of holy wrath
Armour
 b - a +0 scale mail (worn)
 c - a +0 buckler (worn)
 j - a +0 helmet (worn)
 o - a +0 pair of gloves (worn)
Jewellery
 l - an amulet of magic regeneration
 n - a ring of see invisible
Wands
 k - a wand of flame (15)
Scrolls
 e - a scroll of noise {unknown}
 h - a scroll of amnesia
 i - a scroll of enchant armour {unknown}
 p - a scroll of fear
Potions
 d - a potion of might
 f - 2 potions of flight


   Skills:
 * Level 4.0 Fighting
 * Level 3.7 Maces & Flails
 * Level 4.2 Armour
 * Level 1.2 Dodging
 * Level 3.8 Shields
 * Level 1.5 Invocations


You had 4 spell levels left.
You didn't know any spells.
Your spell library was empty.

Dungeon Overview and Level Annotations

Branches:
Dungeon (4/15)
 Temple: D:4-7

Altars:
Cheibriados
Fedhas
Okawaru
Sif Muna

Annotations:
D:3 2 transporters, Ssrathi's ghost, amateur NaFi


Innate Abilities, Weirdness & Mutations

You are immune to sickness and miasma.
Your stone body is resilient. (AC +4)
You are immune to poison.
You resist negative energy. (rN+)
You are resistant to electric shocks. (rElec)
You are resistant to unholy torment.
You are immune to petrification.


Message History

The ogre shouts!
There is an open door here.
You see here a quokka corpse.
The orc hits you but does no damage.
You sock the orc!
You kill the orc!
You hit the ogre but do no damage.
The ogre hits you with a +0 giant spiked club!
You barely miss the ogre. The ogre closely misses you.
You hit the ogre.
The ogre is moderately wounded.
The ogre hits you but does no damage.
You hit the ogre but do no damage.
The ogre is moderately wounded.
The ogre closely misses you.
You hit the ogre.
The ogre is moderately wounded.
The ogre hits you with a +0 giant spiked club!
* * * LOW HITPOINT WARNING * * *
You are too injured to fight recklessly!
You are too injured to fight recklessly!
You are too injured to fight recklessly!
You are too injured to fight recklessly!
You are too injured to fight recklessly!
You are too injured to fight recklessly!
You are too injured to fight recklessly!
You are too injured to fight recklessly!
You are too injured to fight recklessly!
You are too injured to fight recklessly!
You are too injured to fight recklessly!
You are too injured to fight recklessly!
You are too injured to fight recklessly!
There is an open door here.
You see here a quokka corpse.
There is an open door here.
Okay, then.
You feel better.
The ogre hits you with a +0 giant spiked club!
Ouch! That really hurt!
You die...

.........##.#
...........>######
..##....###......#
#....# #.####.# #....#
#.####.### #....#
#.....h..#
#...[########.#.#
####......# #.#.#
#####@####.###.#.#####
#...#O...# #.....#...#
#.#...#.#.##.#.......#.#
#......................#
#...####'#######+#####..
#. #.....## ... #..
##.....## .... #.(
##.....###.... #..
##.....###...J#..


You could see an ogre.

Vanquished Creatures
  A black bear (D:4)
  Ijyb (D:3)
  2 worms (D:2)
  3 dart slugs
  6 orcs
  5 ball pythons
  7 bats
  12 endoplasms
  A giant cockroach (D:3)
  8 goblins
  4 hobgoblins
  6 quokkas
  3 frilled lizards
  5 kobolds
  4 rats
68 creatures vanquished.

Notes
Turn   | Place    | Note
-------+----------+-------------------------------------------
     0 | D:1      | HotDog the Gargoyle Fighter began the quest for the Orb.
     0 | D:1      | Reached XP level 1. HP: 14/14 MP: 1/1
    10 | D:1      | Found a faded altar of an unknown god.
   164 | D:1      | Reached XP level 2. HP: 19/19 MP: 2/2
   559 | D:1      | Reached XP level 3. HP: 24/24 MP: 3/3
   563 | D:1      | You fall into a shaft and drop 1 floor!
  1545 | D:2      | Reached XP level 4. HP: 27/29 MP: 4/4
  1729 | D:3      | Found a transporter.
  1731 | D:3      | Noticed Ssrathi's ghost (amateur NaFi)
  1764 | D:3      | Found a transporter.
  1897 | D:3      | Noticed a phantom
  1922 | D:3      | Reached skill level 1 in Invocations
  2054 | D:3      | Found a shimmering blue altar of Sif Muna.
  2093 | D:3      | Reached skill level 1 in Dodging
  2390 | D:3      | Found an iron altar of Okawaru.
  2391 | D:3      | Found a blossoming altar of Fedhas.
  2438 | D:3      | Noticed Ijyb
  2464 | D:3      | Killed Ijyb
  2542 | D:3      | Found a snail-covered altar of Cheibriados.
  2968 | D:4      | Noticed a black bear
  3180 | D:4      | Killed a black bear
  3181 | D:4      | Reached XP level 5. HP: 27/33 MP: 4/6
  3263 | D:4      | Noticed an ogre
  3283 | D:4      | Slain by an ogre

Illustrated notes

Levels and vault maps discovered:
D:1:      nicolae_arrival_memento_mori, layout_loops_ring,
          ebering_ecumenical_altar_petrified, minmay_pentomino_v4
D:2:      layout_basic
D:3:      layout_loops_ring, general_overflow_altar, old_standard_altar,
          gammafunk_temple_overflow_pools, gammafunk_ghost_mausoleum, uniq_ijyb
D:4:      layout_basic, minmay_temple_entry_hall, minmay_quadrilaterals

Skill      XL: |  1  2  3  4 |
---------------+-------------+-----
Invocations    | 1 |  1.5
Dodging        | 1 |  1.2
Maces & Flails | 3 |  3.7
Fighting       | 4 |  4.0
Armour         | 4 |  4.2
Shields        | |  3.8

Action                   |  1- 3 |  4- 6 || total
-------------------------+-------+-------++-------
Melee: Flail             |    94 |   118 ||   212
  Use: Scroll            |     3 |     2 ||     5
       Potion            |       |     1 ||     1
Armor: Scale mail        |    41 |    75 ||   116
Dodge: Dodged            |    38 |    64 ||   102
Block: Buckler           |    12 |    27 ||    39

Table legend: (Time is in decaauts)
 A = Elapsed time spent in this place.
 B = Non-inter-level travel time spent in this place.
 C = Inter-level travel time spent in this place.
 D = Time resting spent in this place.
 E = Time spent auto-exploring this place.
 F = Levels seen in this place.
 G = Mean time per level.
                   A        B        C        D        E       F      G
               +--------+--------+--------+--------+--------+-----+--------+
         Total |   3345 |   3253 |     92 |    471 |   2184 |   4 |  836.2 |
       Dungeon |   3345 |   3253 |     92 |    471 |   2184 |   4 |  836.2 |
               +--------+--------+--------+--------+--------+-----+--------+

Top non-repeatable levels by time:
     D:3: 1416 daAuts
     D:1: 889 daAuts
     D:2: 854 daAuts
     D:4: 185 daAuts
